[Event "Paracin Open 2022"]
[Site "Paracin"]
[Date "2022.07.12"]
[Round "5.1"]
[White "Koustav Chatterjee"]
[Black "Praggnanandhaa R"]
[Result "0-1"]
[ECO "A28"]
[WhiteElo "2485"]
[BlackElo "2648"]
[Annotator "ChessBase"]
[PlyCount "64"]
[EventDate "2022.07.08"]
[EventCountry "SRB"]
[SourceTitle "playchess.com"]
[Source "ChessBase"]
[SourceQuality "1"]
[TimeControl "5400+30"]

1. c4 e5 2. Nc3 Nf6 3. Nf3 Nc6 4. e3 Bb4 5. Qc2 Bxc3 6. Qxc3 Qe7 7. d4 e4 8. Nd2 d5 9. b3 O-O 10. h3 a5 11. Be2 Re8 12. Bb2 Be6 13. O-O Qd7 14. f3 Bf5 15. f4 Nb4 16. Kh2 Nd3 17. Qc2 Ra6 18. Bc3 h5 19. Qd1 h4 20. a3 Bg6 21. Ra2 a4 22. bxa4 dxc4 23. Rc2 Rxa4 24. Nb1 Nd5 25. Bd2 Bf5 26. Bg4 b5 27. Qe2 Ra6 28. Rg1 Bxg4 29. hxg4 Nf6 30. f5 Nf2 31. Rf1 N6xg4+ 32. Kg1 Qd6 0-1

[Event "Paracin Open 2022"]
[Site "Paracin"]
[Date "2022.07.12"]
[Round "5.2"]
[White "Predke, Alexandr"]
[Black "Samant Aditya S"]
[Result "1-0"]
[ECO "E11"]
[WhiteElo "2688"]
[BlackElo "2431"]
[Annotator "ChessBase"]
[PlyCount "137"]
[EventDate "2022.07.08"]
[EventCountry "SRB"]
[SourceTitle "playchess.com"]
[Source "ChessBase"]
[SourceQuality "1"]
[TimeControl "5400+30"]

1. d4 Nf6 2. c4 e6 3. Nf3 Bb4+ 4. Bd2 c5 5. Bxb4 cxb4 6. g3 O-O 7. Bg2 d6 8. O-O Qc7 9. Qd3 e5 10. Nbd2 Re8 11. Ne4 Nbd7 12. Nfd2 Nxe4 13. Nxe4 f5 14. Ng5 Nf6 15. c5 dxc5 16. Rac1 exd4 17. Qb3+ Kf8 18. Rxc5 Qe7 19. Re5 Qc7 20. Qxb4+ Re7 21. Nf3 a5 22. Qxe7+ Qxe7 23. Rxe7 Kxe7 24. Nxd4 Bd7 25. Rc1 Rc8 26. Rxc8 Bxc8 27. e3 Kd6 28. Kf1 b6 29. Ke2 g6 30. Bc6 Ba6+ 31. Bb5 Bb7 32. f3 Bd5 33. a3 Kc5 34. Ba4 Bc4+ 35. Kd2 b5 36. Bb3 a4 37. Bc2 Nd7 38. h3 Bf1 39. g4 fxg4 40. hxg4 Ne5 41. Kc3 Nc4 42. e4 Nxb2 43. Ne6+ Kd6 44. Ng5 Nc4 45. Kb4 Be2 46. f4 Ne3 47. Bb1 Nxg4 48. Nxh7 Ke7 49. e5 Ne3 50. Nf6 Kf7 51. Kc5 Nc4 52. Ba2 Ke7 53. Nd5+ Kd7 54. Nc3 Bf1 55. Nxb5 Ne3 56. Nc3 Nc2 57. Bb1 Nxa3 58. Bxg6 Nc4 59. Nxa4 Ne3 60. Be4 Ke6 61. Kd4 Ng4 62. Nc5+ Ke7 63. f5 Bh3 64. Nd3 Nh6 65. f6+ Kf7 66. Nf4 Bc8 67. Bg6+ Kf8 68. e6 Ng8 69. Ke5 1-0

[Event "Paracin Open 2022"]
[Site "Paracin"]
[Date "2022.07.12"]
[Round "5.3"]
[White "Erdogmus, Yagiz Kaan"]
[Black "Makarian, Rudik"]
[Result "1/2-1/2"]
[ECO "A62"]
[WhiteElo "2373"]
[BlackElo "2533"]
[Annotator "ChessBase"]
[PlyCount "61"]
[EventDate "2022.07.08"]
[EventCountry "SRB"]
[SourceTitle "playchess.com"]
[Source "ChessBase"]
[SourceQuality "1"]
[TimeControl "5400+30"]

1. d4 Nf6 2. c4 g6 3. g3 Bg7 4. Bg2 c5 5. d5 O-O 6. Nc3 d6 7. Nf3 e6 8. O-O exd5 9. cxd5 Re8 10. Bf4 a6 11. a4 Ne4 12. Nxe4 Rxe4 13. Nd2 Rb4 14. Ra2 a5 15. b3 b6 16. Qc2 Ba6 17. Ne4 h6 18. Bd2 f5 19. Bxb4 cxb4 20. Nd2 Nd7 21. Rc1 Rc8 22. Qd1 Rxc1 23. Qxc1 Nc5 24. e3 Bc3 25. Nb1 Bg7 26. Nd2 Bc3 27. Nb1 Nxb3 28. Qd1 Qc7 29. Qxb3 Bc4 30. Qc2 b3 31. Qc1 1/2-1/2

[Event "Paracin Open 2022"]
[Site "Paracin"]
[Date "2022.07.12"]
[Round "5.4"]
[White "Arjun Kalyan"]
[Black "Neelash Saha"]
[Result "1/2-1/2"]
[ECO "B90"]
[WhiteElo "2499"]
[BlackElo "2446"]
[Annotator "ChessBase"]
[PlyCount "118"]
[EventDate "2022.07.08"]
[EventCountry "SRB"]
[SourceTitle "playchess.com"]
[Source "ChessBase"]
[SourceQuality "1"]
[TimeControl "5400+30"]

1. e4 c5 2. Nf3 d6 3. d4 cxd4 4. Nxd4 Nf6 5. Nc3 a6 6. Be3 Ng4 7. Bc1 Nf6 8. Be3 Ng4 9. Bg5 h6 10. Bh4 g5 11. Bg3 Bg7 12. h3 Ne5 13. Nf5 Bxf5 14. exf5 Nbc6 15. Nd5 e6 16. fxe6 fxe6 17. Ne3 Qa5+ 18. c3 Nf3+ 19. Qxf3 Bxc3+ 20. Kd1 Bxb2 21. Qe4 Bxa1 22. Qxe6+ Ne7 23. Bxd6 Qa4+ 24. Nc2 Qd7 25. Qxd7+ Kxd7 26. Bxe7 Kxe7 27. Nxa1 Rhf8 28. f3 Rad8+ 29. Kc1 Kf6 30. Nc2 Ke5 31. h4 Kf4 32. hxg5 hxg5 33. Rh7 Rh8 34. Rxh8 Rxh8 35. Bd3 b5 36. Be4 g4 37. Kd2 Rh2 38. Ne1 gxf3 39. Bxf3 a5 40. Kc3 Ke5 41. Nd3+ Kd6 42. Kd4 Rh1 43. Nf2 Rb1 44. Ne4+ Ke7 45. Nc3 Rb4+ 46. Ke5 Rb2 47. a4 bxa4 48. Nxa4 Rb5+ 49. Bd5 Kf8 50. Nc3 Rb4 51. Kd6 Kg7 52. Kc5 Kg6 53. Nb5 Kg5 54. Kb6 a4 55. Ka5 Rf4 56. Bf3 Kh4 57. Bd1 Kg3 58. Bxa4 Rxa4+ 59. Kxa4 Kxg2 1/2-1/2

[Event "Paracin Open 2022"]
[Site "Paracin"]
[Date "2022.07.12"]
[Round "5.5"]
[White "Urazayev, Arystanbek"]
[Black "Suleymenov, Alisher"]
[Result "1-0"]
[ECO "B31"]
[WhiteElo "2430"]
[BlackElo "2467"]
[Annotator "ChessBase"]
[PlyCount "115"]
[EventDate "2022.07.08"]
[EventCountry "SRB"]
[SourceTitle "playchess.com"]
[Source "ChessBase"]
[SourceQuality "1"]
[TimeControl "5400+30"]

1. e4 c5 2. Nf3 Nc6 3. Bb5 g6 4. O-O Bg7 5. c3 Nf6 6. Re1 O-O 7. d4 d5 8. e5 Ne4 9. Be3 Qb6 10. Bxc6 Qxc6 11. dxc5 Nxc5 12. Nd4 Qa6 13. b4 Na4 14. Qb3 e6 15. Bg5 Nb6 16. Nd2 Bd7 17. a4 Nc4 18. Nxc4 Qxc4 19. Qxc4 dxc4 20. Be7 Rfc8 21. f4 Bc6 22. Nxc6 Rxc6 23. Rad1 Rc7 24. Bd6 Rc6 25. Rd4 a6 26. a5 Rac8 27. Red1 h5 28. Kf2 f6 29. Ke3 Kh7 30. exf6 Bxf6 31. Be5 Bxe5 32. fxe5 Kh6 33. h4 Rf8 34. Rf4 Rcc8 35. Rdd4 g5 36. hxg5+ Kxg5 37. Rxf8 Rxf8 38. Rxc4 Rf5 39. Re4 Rf1 40. Ke2 Rc1 41. Rc4 Kf5 42. Rc7 Rc2+ 43. Kd3 Rxg2 44. Rxb7 h4 45. Rh7 Rg3+ 46. Kd4 h3 47. c4 Ra3 48. c5 Kg4 49. c6 Ra1 50. Kc5 Rc1+ 51. Kb6 Kg3 52. c7 Rc4 53. b5 h2 54. bxa6 Rb4+ 55. Kc5 Rb1 56. a7 Rc1+ 57. Kb6 Rb1+ 58. Ka6 1-0

[Event "Paracin Open 2022"]
[Site "Paracin"]
[Date "2022.07.12"]
[Round "5.6"]
[White "Pranav Vijay"]
[Black "Anuj Shrivatri"]
[Result "1-0"]
[ECO "C67"]
[WhiteElo "2265"]
[BlackElo "2383"]
[Annotator "ChessBase"]
[PlyCount "63"]
[EventDate "2022.07.08"]
[EventCountry "SRB"]
[SourceTitle "playchess.com"]
[Source "ChessBase"]
[SourceQuality "1"]
[TimeControl "5400+30"]

1. e4 e5 2. Nf3 Nc6 3. Bb5 Nf6 4. O-O Nxe4 5. d4 Nd6 6. Ba4 e4 7. Re1 Be7 8. Ne5 O-O 9. Nc3 f5 10. Bb3+ Kh8 11. Bf4 Nxe5 12. dxe5 Nf7 13. Qh5 g6 14. Qe2 Qe8 15. Nb5 Bd8 16. Qc4 Nxe5 17. Qc3 d6 18. Nxc7 Bxc7 19. Qxc7 Qd7 20. Qc3 Qe7 21. Bh6 Re8 22. Rad1 Be6 23. f4 Rac8 24. Qd4 Bxb3 25. cxb3 Rc2 26. fxe5 dxe5 27. Qd7 Rc7 28. Qd5 Qh4 29. Be3 Rc2 30. Rf1 f4 31. Rxf4 Qh5 32. Rf2 1-0

[Event "Paracin Open 2022"]
[Site "Paracin"]
[Date "2022.07.12"]
[Round "5.7"]
[White "Muthaiah AL"]
[Black "Gundavaa, Bayarsaikhan"]
[Result "0-1"]
[ECO "D36"]
[WhiteElo "2401"]
[BlackElo "2503"]
[Annotator "ChessBase"]
[PlyCount "74"]
[EventDate "2022.07.08"]
[EventCountry "SRB"]
[SourceTitle "playchess.com"]
[Source "ChessBase"]
[SourceQuality "1"]
[TimeControl "5400+30"]

1. d4 Nf6 2. c4 e6 3. Nf3 d5 4. Nc3 Nbd7 5. cxd5 exd5 6. Bf4 c6 7. e3 Nh5 8. Bg5 Be7 9. Bxe7 Qxe7 10. Bd3 Nf4 11. O-O Nxd3 12. Qxd3 O-O 13. a3 a5 14. Rfe1 Nf6 15. Nd2 Bg4 16. f3 Bh5 17. Na4 Bg6 18. Qc3 Ne8 19. b4 axb4 20. Qxb4 Nd6 21. Nc5 Rfb8 22. a4 Nf5 23. e4 dxe4 24. fxe4 Nd6 25. a5 h6 26. Nc4 Nxc4 27. Qxc4 b6 28. Nb3 bxa5 29. Rxa5 Rxa5 30. Nxa5 Qg5 31. Nxc6 Bxe4 32. g3 Rb1 33. Kf2 Qf6+ 34. Ke2 Qf3+ 35. Kd2 Qf2+ 36. Re2 Rb2+ 37. Kd1 Qf1+ 0-1

[Event "Paracin Open 2022"]
[Site "Paracin"]
[Date "2022.07.12"]
[Round "5.8"]
[White "Harshavardhan G B"]
[Black "Song, Raymond"]
[Result "1-0"]
[ECO "E08"]
[WhiteElo "2397"]
[BlackElo "2499"]
[Annotator "ChessBase"]
[PlyCount "59"]
[EventDate "2022.07.08"]
[EventCountry "SRB"]
[SourceTitle "playchess.com"]
[Source "ChessBase"]
[SourceQuality "1"]
[TimeControl "5400+30"]

1. d4 d5 2. c4 e6 3. Nf3 Nf6 4. g3 Bb4+ 5. Bd2 Be7 6. Bg2 O-O 7. O-O Nbd7 8. Qc2 c6 9. Rd1 b6 10. Bf4 Bb7 11. Nbd2 Nh5 12. Be3 Rc8 13. Rac1 Nhf6 14. Bg5 c5 15. Qb1 h6 16. Bxf6 Bxf6 17. cxd5 exd5 18. dxc5 bxc5 19. e4 Qb6 20. b3 Rfe8 21. exd5 Bxd5 22. Nc4 Bxc4 23. Rxc4 Nf8 24. Qf5 Ne6 25. Rg4 Nd4 26. Nxd4 Bxd4 27. Be4 Qb4 28. Rf4 Rc7 29. Qh7+ Kf8 30. Bd5 1-0

[Event "Paracin Open 2022"]
[Site "Paracin"]
[Date "2022.07.12"]
[Round "5.9"]
[White "Makhnev, Denis"]
[Black "Utsab Chatterjee"]
[Result "1-0"]
[ECO "E05"]
[WhiteElo "2492"]
[BlackElo "2377"]
[Annotator "ChessBase"]
[PlyCount "71"]
[EventDate "2022.07.08"]
[EventCountry "SRB"]
[SourceTitle "playchess.com"]
[Source "ChessBase"]
[SourceQuality "1"]
[TimeControl "5400+30"]

1. d4 d5 2. Nf3 Nf6 3. c4 e6 4. g3 Be7 5. Bg2 O-O 6. O-O dxc4 7. Qc2 a6 8. a4 Bd7 9. Qxc4 Bc6 10. Bf4 Bd6 11. Qc1 a5 12. Nc3 Na6 13. Rd1 Nb4 14. Bg5 h6 15. Bh4 Bxf3 16. Bxf3 g5 17. Bxg5 hxg5 18. Qxg5+ Kh8 19. Bxb7 Rb8 20. Bg2 c6 21. Ne4 Nh7 22. Qd2 f5 23. Nxd6 Qxd6 24. Rac1 Rfd8 25. Rc4 Rb7 26. Qc3 e5 27. Rc5 exd4 28. Qc4 f4 29. Rxa5 Nf6 30. Rc5 fxg3 31. hxg3 Ng4 32. Rh5+ Rh7 33. Rxh7+ Kxh7 34. Qf7+ Kh6 35. Be4 Rd7 36. Qg8 1-0

[Event "Paracin Open 2022"]
[Site "Paracin"]
[Date "2022.07.12"]
[Round "5.10"]
[White "Aditya Mittal"]
[Black "Ohanyan, Emin"]
[Result "1/2-1/2"]
[ECO "D37"]
[WhiteElo "2480"]
[BlackElo "2354"]
[Annotator "ChessBase"]
[PlyCount "97"]
[EventDate "2022.07.08"]
[EventCountry "SRB"]
[SourceTitle "playchess.com"]
[Source "ChessBase"]
[SourceQuality "1"]
[TimeControl "5400+30"]

1. d4 Nf6 2. c4 e6 3. Nf3 d5 4. Nc3 Nbd7 5. Bf4 dxc4 6. e3 b5 7. Nxb5 Bb4+ 8. Nc3 Nd5 9. a3 Nxc3 10. Qd2 Bxa3 11. bxa3 Nd5 12. Bg3 Ba6 13. Qa5 Qc8 14. Nd2 c5 15. Rc1 cxd4 16. Bxc4 Bxc4 17. Rxc4 Qb7 18. Rxd4 O-O 19. O-O Rfc8 20. Ne4 Rc2 21. Qa4 Qc6 22. Qxc6 Rxc6 23. h4 N7b6 24. Nd2 Rac8 25. Kh2 Rc2 26. Rb1 f6 27. Ne4 e5 28. Rd3 Nc3 29. Nxc3 R2xc3 30. Rb3 Rxb3 31. Rxb3 Kf7 32. e4 Rc2 33. Rb5 Rc4 34. f3 Ra4 35. Rb3 Nc4 36. Bf2 Rxa3 37. Rb7+ Kg8 38. Bxa7 h5 39. Bc5 Ra5 40. Rc7 Ra2 41. Kh3 Rc2 42. Rc8+ Kh7 43. Rd8 Rd2 44. Ra8 Rd7 45. Ra2 Rc7 46. Bf2 Nd6 47. Rd2 Nf7 48. Rd5 Nh8 49. Rd8 1/2-1/2

[Event "Paracin Open 2022"]
[Site "Paracin"]
[Date "2022.07.12"]
[Round "5.11"]
[White "Nitish Belurkar"]
[Black "Isik, Alparslan"]
[Result "1-0"]
[ECO "B90"]
[WhiteElo "2460"]
[BlackElo "2341"]
[Annotator "ChessBase"]
[PlyCount "75"]
[EventDate "2022.07.08"]
[EventCountry "SRB"]
[SourceTitle "playchess.com"]
[Source "ChessBase"]
[SourceQuality "1"]
[TimeControl "5400+30"]

1. e4 c5 2. Nf3 d6 3. d4 cxd4 4. Nxd4 Nf6 5. Nc3 a6 6. Be3 e5 7. Nb3 Be6 8. h3 Nbd7 9. g4 h6 10. Qd2 Be7 11. O-O-O b5 12. f4 Rc8 13. Kb1 Qc7 14. Bg2 Nb6 15. Bxb6 Qxb6 16. Nd5 Nxd5 17. exd5 Bd7 18. Na5 O-O 19. Nc6 Rfe8 20. Rhf1 Bh4 21. fxe5 dxe5 22. Be4 Bg5 23. Qg2 Bf4 24. Bf5 Rc7 25. Ne7+ Kh8 26. d6 Ra7 27. Qd5 Rf8 28. h4 Qb7 29. Qb3 Qg2 30. a3 Qe2 31. Qh3 Rd8 32. g5 Bxf5 33. Qxf5 Rxe7 34. Rde1 Qxe1+ 35. Rxe1 Rxd6 36. gxh6 g6 37. Qc8+ Kh7 38. Qf8 1-0

[Event "Paracin Open 2022"]
[Site "Paracin"]
[Date "2022.07.12"]
[Round "5.12"]
[White "Rohith Krishna S"]
[Black "Agmanov, Zhandos"]
[Result "0-1"]
[ECO "E66"]
[WhiteElo "2326"]
[BlackElo "2459"]
[Annotator "ChessBase"]
[PlyCount "88"]
[EventDate "2022.07.08"]
[EventCountry "SRB"]
[SourceTitle "playchess.com"]
[Source "ChessBase"]
[SourceQuality "1"]
[TimeControl "5400+30"]

1. d4 Nf6 2. c4 g6 3. Nf3 Bg7 4. g3 O-O 5. Bg2 d6 6. Nc3 c5 7. O-O Nc6 8. d5 Na5 9. Nd2 a6 10. Qc2 b5 11. cxb5 axb5 12. Nxb5 Qb6 13. Nc3 Bf5 14. e4 Bc8 15. h3 Nd7 16. Nf3 Nb3 17. Rb1 Nd4 18. Nxd4 cxd4 19. Na4 Qa7 20. b3 Ba6 21. Re1 Rfc8 22. Qd1 Bb5 23. Bf1 Bxa4 24. bxa4 Nc5 25. Bf4 Nxa4 26. Ra1 d3 27. Rc1 Bd4 28. Be3 Bxe3 29. Rxe3 Nb2 30. Rxc8+ Rxc8 31. Qb3 d2 32. Be2 Qd4 33. Qb7 Rc1+ 34. Kh2 d1=Q 35. Bxd1 Nxd1 36. Rf3 Qxe4 37. Rf4 Qe5 38. Qb8+ Kg7 39. Qe8 f5 40. h4 Rc2 41. Kg2 Nxf2 42. Qa4 Qxd5+ 43. Rf3 Ng4+ 44. Qxc2 Ne3+ 0-1

[Event "Paracin Open 2022"]
[Site "Paracin"]
[Date "2022.07.12"]
[Round "5.13"]
[White "Sturt, Raven"]
[Black "Tsaknakis, Zisis"]
[Result "1/2-1/2"]
[ECO "D37"]
[WhiteElo "2457"]
[BlackElo "2266"]
[Annotator "ChessBase"]
[PlyCount "60"]
[EventDate "2022.07.08"]
[EventCountry "SRB"]
[SourceTitle "playchess.com"]
[Source "ChessBase"]
[SourceQuality "1"]
[TimeControl "5400+30"]

1. d4 d5 2. c4 e6 3. Nf3 Nf6 4. Nc3 a6 5. c5 b6 6. cxb6 c5 7. Bf4 Bd6 8. Bxd6 Qxd6 9. dxc5 Qxc5 10. Qd4 Qd6 11. e3 O-O 12. Be2 Nbd7 13. Na4 Rb8 14. O-O Nxb6 15. Nc5 Nbd7 16. b4 a5 17. Nxd7 Bxd7 18. bxa5 Bb5 19. Bxb5 Rxb5 20. Nd2 Rb4 21. Qd3 Ra4 22. Rfc1 Rxa5 23. a4 Qd7 24. Qc2 Rfa8 25. Nb3 Rxa4 26. Nc5 Rxa1 27. Nxd7 Nxd7 28. h3 h5 29. Rxa1 Rxa1+ 30. Kh2 Nf6 1/2-1/2

[Event "Paracin Open 2022"]
[Site "Paracin"]
[Date "2022.07.12"]
[Round "5.14"]
[White "Nogerbek, Kazybek"]
[Black "Ibadov, Dashgyn"]
[Result "1-0"]
[ECO "B24"]
[WhiteElo "2437"]
[BlackElo "2262"]
[Annotator "ChessBase"]
[PlyCount "81"]
[EventDate "2022.07.08"]
[EventCountry "SRB"]
[SourceTitle "playchess.com"]
[Source "ChessBase"]
[SourceQuality "1"]
[TimeControl "5400+30"]

1. e4 c5 2. Nc3 d6 3. f4 Nf6 4. Nf3 e6 5. g3 Be7 6. Bg2 O-O 7. O-O Nc6 8. d3 Rb8 9. a4 a6 10. h3 b5 11. axb5 axb5 12. g4 b4 13. Ne2 Nd7 14. g5 Bb7 15. b3 f5 16. Ng3 Nb6 17. exf5 exf5 18. Bb2 Qd7 19. h4 Bd8 20. h5 d5 21. d4 c4 22. Bc1 Bc7 23. Be3 Rbe8 24. Ne5 Qe6 25. Bf2 Bxe5 26. dxe5 d4 27. bxc4 Nxc4 28. Ne2 Rd8 29. Qe1 d3 30. cxd3 Rxd3 31. Nc1 Rc3 32. Na2 Rd3 33. Nc1 Rc3 34. Rb1 Rd8 35. Nb3 Ba8 36. Nc5 Qe7 37. Rd1 Nb2 38. Rd6 Na5 39. Qd2 Rf8 40. Bxa8 Rxa8 41. Qd5+ 1-0

[Event "Paracin Open 2022"]
[Site "Paracin"]
[Date "2022.07.12"]
[Round "5.15"]
[White "Sharan, Rao"]
[Black "Zajic, Milan"]
[Result "1/2-1/2"]
[ECO "A47"]
[WhiteElo "2342"]
[BlackElo "2431"]
[Annotator "ChessBase"]
[PlyCount "60"]
[EventDate "2022.07.08"]
[EventCountry "SRB"]
[SourceTitle "playchess.com"]
[Source "ChessBase"]
[SourceQuality "1"]
[TimeControl "5400+30"]

1. d4 Nf6 2. Nf3 e6 3. b3 d5 4. Bb2 Bd6 5. e3 b6 6. Be2 Bb7 7. O-O O-O 8. Nbd2 Nbd7 9. c4 Qe7 10. Rc1 c5 11. Rc2 Rac8 12. Qa1 Rc7 13. Rfc1 Rfc8 14. cxd5 exd5 15. Ne5 Nf8 16. Ng4 Nxg4 17. Bxg4 Ne6 18. dxc5 bxc5 19. Nf3 Rf8 20. Bxe6 fxe6 21. Be5 Rfc8 22. Bxd6 Qxd6 23. Qe5 Qxe5 24. Nxe5 a5 25. f4 Ba6 26. Kf2 Bb5 27. Rc3 Kf8 28. a4 Be8 29. Nd3 c4 30. Ne5 Ke7 1/2-1/2

[Event "Paracin Open 2022"]
[Site "Paracin"]
[Date "2022.07.12"]
[Round "5.16"]
[White "Srihari L R"]
[Black "Sanket Chakravarty"]
[Result "1-0"]
[ECO "D24"]
[WhiteElo "2431"]
[BlackElo "2209"]
[Annotator "ChessBase"]
[PlyCount "87"]
[EventDate "2022.07.08"]
[EventCountry "SRB"]
[SourceTitle "playchess.com"]
[Source "ChessBase"]
[SourceQuality "1"]
[TimeControl "5400+30"]

1. Nf3 d5 2. c4 e6 3. d4 Nf6 4. Nc3 a6 5. Bg5 dxc4 6. e4 b5 7. e5 h6 8. Bh4 g5 9. Nxg5 hxg5 10. Bxg5 Nbd7 11. Be2 Bb7 12. Bf3 Qb8 13. exf6 c5 14. Be3 cxd4 15. Bxd4 Rh4 16. Be3 Bxf3 17. Qxf3 Ne5 18. Qg3 Rg4 19. Qh3 Qb7 20. O-O O-O-O 21. Rad1 Re8 22. f3 Rg6 23. a4 Bh6 24. Bxh6 Rh8 25. Qh5 Qb6+ 26. Kh1 Qc7 27. Nd5 exd5 28. Qf5+ Qd7 29. Qxd7+ Nxd7 30. Bg7 Rh5 31. g4 Re5 32. f4 Re3 33. g5 Nc5 34. Rxd5 Ne6 35. axb5 Nxg7 36. fxg7 axb5 37. Rxb5 Rxg7 38. Rc5+ Kb7 39. Rf2 f6 40. Rxc4 fxg5 41. f5 g4 42. Rb4+ Kc6 43. f6 Ra7 44. f7 1-0

[Event "Paracin Open 2022"]
[Site "Paracin"]
[Date "2022.07.12"]
[Round "5.17"]
[White "Han, Yichen"]
[Black "Gan-Erdene, Sugar"]
[Result "1/2-1/2"]
[ECO "E90"]
[WhiteElo "2286"]
[BlackElo "2428"]
[Annotator "ChessBase"]
[PlyCount "101"]
[EventDate "2022.07.08"]
[EventCountry "SRB"]
[SourceTitle "playchess.com"]
[Source "ChessBase"]
[SourceQuality "1"]
[TimeControl "5400+30"]

1. d4 Nf6 2. c4 g6 3. Nc3 Bg7 4. e4 d6 5. h3 O-O 6. Be3 c5 7. Nf3 cxd4 8. Nxd4 b6 9. Qd2 Bb7 10. f3 Nbd7 11. Bh6 e5 12. Bxg7 exd4 13. Bxf6 Qxf6 14. Nb5 Ne5 15. Nxd4 Rac8 16. Nb5 Nxc4 17. Bxc4 Rxc4 18. O-O Ba6 19. a4 Rc5 20. b4 Rc4 21. Rfd1 Bxb5 22. axb5 Rfc8 23. Rxa7 Rc2 24. Ra8 Rxd2 25. Rxc8+ Kg7 26. Rxd2 Qa1+ 27. Kf2 Qe5 28. Rd5 Qb2+ 29. Kg3 Qxb4 30. Rc6 h5 31. Rcxd6 Qe1+ 32. Kh2 Qe3 33. Rd3 Qf4+ 34. g3 Qc1 35. Rd2 Qf1 36. Rxb6 h4 37. Rbd6 Qxf3 38. R6d3 hxg3+ 39. Kg1 Qxe4 40. b6 Qe1+ 41. Kg2 Qe4+ 42. Kxg3 Qe5+ 43. Kg2 Qe4+ 44. Kf1 Qf5+ 45. Kg2 Qe4+ 46. Rf3 Qb4 47. Rd7 Qxb6 48. Rfxf7+ Kh6 49. Rh7+ Kg5 50. Rd5+ Kf6 51. Rhd7 1/2-1/2

[Event "Paracin Open 2022"]
[Site "Paracin"]
[Date "2022.07.12"]
[Round "5.18"]
[White "Savic, Miodrag R"]
[Black "Kairbekova, Amina"]
[Result "1/2-1/2"]
[ECO "C55"]
[WhiteElo "2418"]
[BlackElo "2133"]
[Annotator "ChessBase"]
[PlyCount "92"]
[EventDate "2022.07.08"]
[EventCountry "SRB"]
[SourceTitle "playchess.com"]
[Source "ChessBase"]
[SourceQuality "1"]
[TimeControl "5400+30"]

1. e4 e5 2. Bc4 Nf6 3. d3 Nc6 4. Nf3 h6 5. O-O d6 6. c3 g5 7. Ne1 Bg7 8. Nd2 O-O 9. Nc2 d5 10. Bb3 Ne7 11. Ne3 c6 12. Re1 Qd6 13. d4 Nd7 14. exd5 exd4 15. Ndc4 Qg6 16. Bc2 f5 17. d6 Nd5 18. cxd4 Nxe3 19. Rxe3 b5 20. Na5 Qxd6 21. Re6 Qxd4 22. Qxd4 Bxd4 23. Rxh6 Ne5 24. Bxg5 Ng4 25. Rxc6 Bxf2+ 26. Kf1 Bb6 27. b4 Bd7 28. Rd6 Rae8 29. Bf4 Bc7 30. Bb3+ Kh8 31. Rad1 Bxd6 32. Rxd6 Re4 33. g3 Rfe8 34. Bd1 Be6 35. h3 Ne3+ 36. Bxe3 Rxe3 37. Kf2 Bxa2 38. Nc6 R3e6 39. Rxe6 Rxe6 40. Nxa7 Bc4 41. Bf3 Rd6 42. Bc6 Rd2+ 43. Ke3 Rd3+ 44. Kf2 Rd2+ 45. Ke3 Rd3+ 46. Kf2 Rd2+ 1/2-1/2

[Event "Paracin Open 2022"]
[Site "Paracin"]
[Date "2022.07.12"]
[Round "5.19"]
[White "Amartuvshin, Ganzorig"]
[Black "Jain Kashish Manoj"]
[Result "1/2-1/2"]
[ECO "D46"]
[WhiteElo "2409"]
[BlackElo "2147"]
[Annotator "ChessBase"]
[PlyCount "139"]
[EventDate "2022.07.08"]
[EventCountry "SRB"]
[SourceTitle "playchess.com"]
[Source "ChessBase"]
[SourceQuality "1"]
[TimeControl "5400+30"]

1. d4 d5 2. c4 c6 3. Nc3 Nf6 4. e3 e6 5. Nf3 Nbd7 6. Qc2 Bd6 7. Bd3 O-O 8. O-O dxc4 9. Bxc4 b5 10. Be2 Bb7 11. e4 e5 12. dxe5 Nxe5 13. Nh4 Bc8 14. Nf5 Bxf5 15. exf5 Qc7 16. h3 Ned7 17. Bg5 Rfe8 18. Bf3 Ne5 19. Bxf6 Nxf3+ 20. gxf3 gxf6 21. Ne4 Be7 22. Qc3 Qf4 23. Qxc6 Qxf5 24. Ng3 Qxh3 25. Rac1 b4 26. Rfe1 Rec8 27. Qd5 Rxc1 28. Qxa8+ Rc8 29. Qd5 Rc5 30. Qd3 Bf8 31. Qd2 Rg5 32. Re8 Kg7 33. Rxf8 Rxg3+ 34. fxg3 Qxg3+ 35. Kh1 Qh3+ 36. Kg1 Qg3+ 37. Kf1 Qxf3+ 38. Kg1 Qg4+ 39. Kf1 Kxf8 40. Qh6+ Kg8 41. Qxf6 h5 42. Qe7 Qf5+ 43. Kg2 a5 44. a3 Qc2+ 45. Kh3 Qxb2 46. Qd8+ Kh7 47. Qd3+ Kg7 48. Qg3+ Kf6 49. Qd6+ Kf5 50. Qd5+ Kf4 51. Qxf7+ Ke3 52. axb4 axb4 53. Qe6+ Kd2 54. Qd5+ Ke3 55. Qe6+ Kd3 56. Qf5+ Kc4 57. Qe6+ Kc3 58. Qe3+ Kc2 59. Qe4+ Kb3 60. Qd5+ Ka4 61. Qa8+ Kb5 62. Qd5+ Ka4 63. Qa8+ Kb3 64. Qd5+ Kc3 65. Qe5+ Kc2 66. Qe4+ Kd2 67. Qg2+ Kc3 68. Qc6+ Kd3 69. Qf3+ Kc2 70. Qe4+ 1/2-1/2

[Event "Paracin Open 2022"]
[Site "Paracin"]
[Date "2022.07.12"]
[Round "5.20"]
[White "Petrov, Nikita"]
[Black "Antova, Gabriela"]
[Result "1-0"]
[ECO "B80"]
[WhiteElo "2558"]
[BlackElo "2275"]
[Annotator "ChessBase"]
[PlyCount "89"]
[EventDate "2022.07.08"]
[EventCountry "SRB"]
[SourceTitle "playchess.com"]
[Source "ChessBase"]
[SourceQuality "1"]
[TimeControl "5400+30"]

1. e4 c5 2. Nf3 d6 3. d4 cxd4 4. Nxd4 Nf6 5. Nc3 a6 6. Be3 e6 7. a3 Be7 8. Qe2 b5 9. O-O-O Qc7 10. g4 Bb7 11. Bg2 Nfd7 12. g5 Nb6 13. h4 N8d7 14. h5 Ne5 15. g6 O-O 16. Bh3 Bc8 17. gxf7+ Kxf7 18. Rhg1 Rg8 19. Bg5 Na4 20. Nxa4 bxa4 21. f4 Nc4 22. Bxe7 Kxe7 23. f5 Rb8 24. f6+ Kxf6 25. Rdf1+ Ke7 26. Qf3 Ke8 27. Nxe6 Bxe6 28. Bxe6 Ne5 29. Qe3 Rf8 30. Rxf8+ Kxf8 31. h6 g6 32. Rf1+ Ke8 33. Bd5 Qb6 34. Qc3 Ke7 35. Kb1 Qc5 36. Qh3 Re8 37. Qe6+ Kd8 38. Qf6+ Kd7 39. Qg7+ Re7 40. Qg8 Qa7 41. Rf8 Kc7 42. Rc8+ Kb6 43. Qd8+ Rc7 44. Qxd6+ Nc6 45. Bxc6 1-0

[Event "Paracin Open 2022"]
[Site "Paracin"]
[Date "2022.07.13"]
[Round "6.1"]
[White "Praggnanandhaa R"]
[Black "Urazayev, Arystanbek"]
[Result "1-0"]
[ECO "E95"]
[WhiteElo "2648"]
[BlackElo "2430"]
[Annotator "ChessBase"]
[PlyCount "87"]
[EventDate "2022.07.08"]
[EventCountry "SRB"]
[SourceTitle "playchess.com"]
[Source "ChessBase"]
[SourceQuality "1"]
[TimeControl "5400+30"]

1. d4 Nf6 2. c4 g6 3. Nc3 Bg7 4. e4 d6 5. Nf3 O-O 6. Be2 e5 7. O-O h6 8. Re1 Nbd7 9. Qc2 Re8 10. dxe5 dxe5 11. Be3 c6 12. h3 Nh5 13. c5 Nf4 14. Rad1 Qe7 15. Rd6 Nxe2+ 16. Qxe2 Nf6 17. b4 Nh5 18. b5 Qc7 19. Qd2 Kh7 20. a4 Be6 21. g4 Nf4 22. Bxf4 exf4 23. bxc6 bxc6 24. e5 Qa5 25. Rxc6 Rac8 26. Rxc8 Rxc8 27. Ne4 Qxd2 28. Nfxd2 Bxe5 29. Ng5+ hxg5 30. Rxe5 Rd8 31. Ne4 Rd1+ 32. Kh2 Kg7 33. c6 Rc1 34. Rc5 Rxc5 35. Nxc5 Kf6 36. Ne4+ Ke7 37. Nxg5 Bb3 38. a5 Kd6 39. h4 Kxc6 40. h5 gxh5 41. gxh5 Kb5 42. Ne4 f5 43. h6 fxe4 44. h7 1-0

[Event "Paracin Open 2022"]
[Site "Paracin"]
[Date "2022.07.13"]
[Round "6.2"]
[White "Makarian, Rudik"]
[Black "Predke, Alexandr"]
[Result "1/2-1/2"]
[ECO "E06"]
[WhiteElo "2533"]
[BlackElo "2688"]
[Annotator "ChessBase"]
[PlyCount "33"]
[EventDate "2022.07.08"]
[EventCountry "SRB"]
[SourceTitle "playchess.com"]
[Source "ChessBase"]
[SourceQuality "1"]
[TimeControl "5400+30"]

1. Nf3 Nf6 2. c4 e6 3. g3 d5 4. Bg2 Be7 5. d4 O-O 6. O-O c6 7. Qc2 b6 8. Bf4 Bb7 9. Nbd2 Na6 10. Rad1 c5 11. dxc5 Nxc5 12. Ne5 Rc8 13. b4 Ncd7 14. Qa4 a6 15. Nxd7 Qxd7 16. Qxd7 Nxd7 17. cxd5 1/2-1/2